 Dungeon Crawl Stone Soup version 0.24-a0-582-g4d4af81 (webtiles) character file.

Game seed: 16682486528927841566

822 pichaelthompson the Charmwright (level 7, -3/56 HPs)
             Began as a Gnoll Skald on Aug 23, 2019.
             Was an Initiate of Ashenzari.
             Splashed by a jelly's acid (9 damage)
             ... on level 5 of the Dungeon on Aug 26, 2019.
             The game lasted 00:11:50 (4477 turns).

pichaelthompson the Charmwright (Gnoll Skald)       Turns: 4477, Time: 00:11:51

Health: -3/56      AC: -4    Str: 14      XL:     7   Next: 95%
Magic:  15/15      EV: 15    Int: 15      God:    Ashenzari [......]
Gold:   154        SH:  0    Dex: 14 (16) Spells: 10/17 levels left

rFire    . . .     SeeInvis .   r - +0 trident (pain)
rCold    . . .     Gourm    .   (no shield)
rNeg     . . .     Faith    .   j - +0 ring mail
rPois    .         Spirit   .   (no helmet)
rElec    .         Reflect  .   (no cloak)
rCorr    .         Harm     .   (no gloves)
MR       .....                  l - +0 pair of boots
Stlth    ++........             (no amulet)
HPRegen  0.18/turn              o - +2 ring of evasion
MPRegen  0.14/turn              (no ring)

@: corroded
A: distributed training, fangs 1, strong nose
a: Curse Item, Renounce Religion


You were on level 5 of the Dungeon.
You worshipped Ashenzari.
Ashenzari was noncommittal.
You were not hungry.

You visited 1 branch of the dungeon, and saw 5 of its levels.

You collected 154 gold pieces.

Inventory:

Hand Weapons
 r - a +0 trident of pain (weapon)
 y - a +0 trident of freezing
Armour
 j - a +0 ring mail (worn)
 l - a +0 pair of boots (worn)
Jewellery
 o - a +2 ring of evasion (left hand)
 w - an uncursed ring of flight
Wands
 a - a wand of disintegration (16)
Scrolls
 b - 3 scrolls of blinking {unknown}
 c - 2 scrolls of amnesia {unknown}
 e - 5 scrolls of teleportation {unknown}
 g - a scroll of enchant weapon {unknown}
 k - 5 scrolls of identify {unknown}
 m - a scroll of remove curse
 n - 2 scrolls of enchant armour {unknown}
 p - 2 scrolls of fog {unknown}
 q - a scroll of immolation {unknown}
 A - 2 scrolls of random uselessness {unknown}
 C - a scroll of fear {unknown}
Potions
 f - 2 potions of brilliance {unknown}
 h - 4 potions of curing {unknown}
 i - 4 potions of invisibility
 s - a potion of berserk rage {unknown}
 t - a potion of might {unknown}
 u - 4 potions of mutation {unknown}
 v - 2 potions of flight {unknown}
 z - a potion of lignification {unknown}
 B - 2 potions of magic {unknown}
Comestibles
 d - 6 rations
 x - 14 chunks of flesh


   Skills:
 + Level 5.4 Fighting
 + Level 2.7 Short Blades
 + Level 2.7 Long Blades
 + Level 2.7 Axes
 + Level 2.7 Maces & Flails
 + Level 5.4 Polearms
 + Level 2.7 Staves
 + Level 2.7 Slings
 + Level 2.7 Bows
 + Level 2.7 Crossbows
 + Level 2.7 Throwing
 + Level 3.8 Armour
 + Level 5.4 Dodging
 + Level 2.7 Stealth
 + Level 2.7 Shields
 + Level 2.7 Unarmed Combat
 + Level 5.7 Spellcasting
 + Level 2.2 Conjurations
 + Level 2.2 Hexes
 + Level 5.9 Charms
 + Level 2.2 Summonings
 + Level 2.2 Necromancy
 + Level 2.2 Translocations
 + Level 2.2 Transmutations
 + Level 2.2 Fire Magic
 + Level 2.2 Ice Magic
 + Level 2.2 Air Magic
 + Level 2.2 Earth Magic
 + Level 2.2 Poison Magic
 + Level 3.0 Invocations
 + Level 2.7 Evocations


You had 10 spell levels left.
You knew the following spells:

 Your Spells              Type           Power        Failure   Level  Hunger
a - Infusion              Chrm           ###.         2%          1    None
b - Spectral Weapon       Hex/Chrm       ###.....     16%         3    ###....
c - Regeneration          Chrm/Necr      ###.......   16%         3    ###....

Your spell library contained the following spells:

 Spells                   Type           Power        Failure   Level  Hunger
 Song of Slaying          Chrm           ###.....     3%          2    #......
 Shroud of Golubria       Chrm/Tloc      ###...       9%          2    #......
 Animate Skeleton         Necr           N/A          12%         1    None
 Apportation              Tloc           ##....       12%         1    None
 Confusing Touch          Hex            ##....       12%         1    None
 Summon Small Mammal      Summ           ##..         12%         1    None


Dungeon Overview and Level Annotations

Branches:
Dungeon (5/15)
 Temple: D:4-7

Altars:
Ashenzari
Ru

Shops:
D:5 =


Innate Abilities, Weirdness & Mutations

Your experience applies equally to all skills.
You have very sharp teeth.
Your uncanny sense of smell can sniff out nearby items.


Message History

You hit the jelly.
The jelly writhes in agony.
Your hands burn!
You bite the jelly, but do no damage.
The jelly is heavily wounded.
The jelly completely misses you.
You hit the jelly.
Your hands burn!
The jelly is heavily wounded.
The jelly hits you.
You are splashed with acid!
You hit the jelly but do no damage.
The jelly writhes in agony.
Your hands burn!
The jelly is heavily wounded.
The jelly hits you.
You are splashed with acid!
* * * LOW HITPOINT WARNING * * *
You hit the jelly.
Your hands burn!
* * * LOW HITPOINT WARNING * * *
You bite the jelly, but do no damage.
The jelly is severely wounded.
The jelly hits you.
* * * LOW HITPOINT WARNING * * *
The acid corrodes you!
You are splashed with acid!
You die...

# #......#
#.# ∆ #
#......###.#
######..##.#
##.##.#
#..#.#
##.#.# #
#######...#
∆ .
..........#
#
########.@#
.
.......J..#
.
#######...#
....# #..>#
#.#.# #.#.#
..#.#


You could see a jelly.

Vanquished Creatures
  2 scorpions
  3 crimson imps
  A quasit (D:4)
  A hound (D:4)
  5 orc priests
  4 orc wizards (D:5)
  A centaur skeleton (D:5)
  3 worker ants
  A hound skeleton (D:4)
  A howler monkey skeleton (D:4)
  3 gnolls (D:5)
  6 adders
  2 oozes
  An adder zombie (D:5)
  A worm (D:3)
  2 dart slugs (D:2)
  4 leopard geckos
  7 orcs
  7 giant cockroaches
  6 goblins
  6 hobgoblins
  4 jackals (D:2)
  3 kobolds
  3 quokkas
  6 bats
  7 frilled lizards
  A leopard gecko skeleton (D:4)
  2 quokka skeletons
  7 rats
100 creatures vanquished.

Notes
Turn   | Place    | Note
-------+----------+-------------------------------------------
     0 | D:1      | pichaelthompson the Gnoll Skald began the quest for the
                  | Orb.
     0 | D:1      | Reached XP level 1. HP: 20/20 MP: 6/6
   217 | D:1      | Reached XP level 2. HP: 23/26 MP: 7/7
   781 | D:2      | Reached XP level 3. HP: 29/31 MP: 9/9
   786 | D:2      | Learned a level 3 spell: Spectral Weapon
   790 | D:2      | Learned a level 3 spell: Regeneration
   846 | D:2      | Reached skill level 5 in Spellcasting
  1435 | D:2      | Reached skill level 1 in Invocations
  1635 | D:2      | Reached skill level 1 in Short Blades
  1635 | D:2      | Reached skill level 1 in Long Blades
  1635 | D:2      | Reached skill level 1 in Axes
  1635 | D:2      | Reached skill level 1 in Maces & Flails
  1635 | D:2      | Reached skill level 1 in Staves
  1635 | D:2      | Reached skill level 1 in Slings
  1635 | D:2      | Reached skill level 1 in Bows
  1635 | D:2      | Reached skill level 1 in Crossbows
  1635 | D:2      | Reached skill level 1 in Throwing
  1635 | D:2      | Reached skill level 1 in Stealth
  1635 | D:2      | Reached skill level 1 in Shields
  1635 | D:2      | Reached skill level 1 in Unarmed Combat
  1635 | D:2      | Reached skill level 1 in Evocations
  1635 | D:2      | Reached XP level 4. HP: 34/38 MP: 7/11
  1796 | D:2      | Reached skill level 1 in Conjurations
  1796 | D:2      | Reached skill level 1 in Hexes
  1796 | D:2      | Reached skill level 1 in Summonings
  1796 | D:2      | Reached skill level 1 in Necromancy
  1796 | D:2      | Reached skill level 1 in Translocations
  1796 | D:2      | Reached skill level 1 in Transmutations
  1796 | D:2      | Reached skill level 1 in Fire Magic
  1796 | D:2      | Reached skill level 1 in Ice Magic
  1796 | D:2      | Reached skill level 1 in Air Magic
  1796 | D:2      | Reached skill level 1 in Earth Magic
  1796 | D:2      | Reached skill level 1 in Poison Magic
  2022 | D:3      | Reached XP level 5. HP: 18/43 MP: 8/12
  2604 | D:3      | Reached XP level 6. HP: 50/50 MP: 13/13
  2859 | D:3      | Found a shattered altar of Ashenzari.
  2863 | D:3      | Saw a vision of the Shoals and the Snake Pit.
  2863 | D:3      | Noticed a merfolk
  2863 | D:3      | Noticed a naga
  2863 | D:3      | Noticed a naga
  2863 | D:3      | Noticed a merfolk
  2863 | D:3      | Noticed a hippogriff
  2863 | D:3      | Noticed a black mamba
  2863 | D:3      | Noticed a merfolk
  2863 | D:3      | Noticed a salamander mystic
  2863 | D:3      | Noticed a salamander
  2863 | D:3      | Noticed a naga sharpshooter
  2863 | D:3      | Noticed a sea snake
  2865 | D:3      | Noticed a naga mage
  2881 | D:3      | Became a worshipper of Ashenzari the Shackled
  3116 | D:4      | Found a sacrificial altar of Ru.
  3298 | D:4      | Reached skill level 5 in Fighting
  3298 | D:4      | Reached skill level 5 in Polearms
  3298 | D:4      | Reached skill level 5 in Dodging
  3492 | D:4      | Upgraded the game from 0.24-a0-581-gc0fa660 to
                  | 0.24-a0-582-g4d4af81
  3803 | D:4      | Reached XP level 7. HP: 55/56 MP: 15/15
  4243 | D:5      | Entered Level 5 of the Dungeon
  4392 | D:5      | Found Puul's Jewellery Emporium.
  4477 | D:5      | Splashed by a jelly's acid

Levels and vault maps discovered:
D:1:      scummos_arrival_star, layout_loops_ring
D:2:      minmay_chambers_of_ones, layout_basic, chequers_avenue
D:3:      layout_loops_corners, first_ration, minmay_misc_feat_room,
          grunt_ashenzari_visionary [grunt_ashenzari_visionary_shoals,
          grunt_ashenzari_visionary_snake]
D:4:      layout_rooms, nicolae_ru_awakened_eye
D:5:      layout_basic, serial_shops,
          nicolae_shop_temple_entry_statues_fountains, minmay_fire_ice_demons

Skill      XL: |  1  2  3  4  5  6  7 |
---------------+----------------------+-----
Spellcasting   | 5 |  5.7
Invocations    | 1 2 3 |  3.0
Short Blades   | 1 2 |  2.7
Long Blades    | 1 2 |  2.7
Axes           | 1 2 |  2.7
Maces & Flails | 1 2 |  2.7
Staves         | 1 2 |  2.7
Slings         | 1 2 |  2.7
Bows           | 1 2 |  2.7
Crossbows      | 1 2 |  2.7
Throwing       | 1 2 |  2.7
Stealth        | 1 2 |  2.7
Shields        | 1 2 |  2.7
Unarmed Combat | 1 2 |  2.7
Evocations     | 1 2 |  2.7
Conjurations   | 1 2 |  2.2
Hexes          | 1 2 |  2.2
Summonings     | 1 2 |  2.2
Necromancy     | 1 2 |  2.2
Translocations | 1 2 |  2.2
Transmutations | 1 2 |  2.2
Fire Magic     | 1 2 |  2.2
Ice Magic      | 1 2 |  2.2
Air Magic      | 1 2 |  2.2
Earth Magic    | 1 2 |  2.2
Poison Magic   | 1 2 |  2.2
Armour         | 3 |  3.8
Fighting       | 5 |  5.4
Polearms       | 5 |  5.4
Dodging        | 5 |  5.4
Charms         | |  5.9

Action                   |  1- 3 |  4- 6 |  7- 9 || total
-------------------------+-------+-------+-------++-------
Melee: Spear             |   159 |    73 |       ||   232
       Bite              |     8 |    20 |     8 ||    36
       Trident           |       |   115 |   113 ||   228
       Punch             |       |     3 |     3 ||     6
 Cast: Spectral Weapon   |     2 |     4 |     3 ||     9
       Regeneration      |       |     3 |       ||     3
 Stab: Sleeping          |       |     2 |       ||     2
  Eat: Chunk             |     2 |     8 |     3 ||    13
Armor: Leather armour    |    31 |     7 |       ||    38
       Ring mail         |       |    27 |    46 ||    73
Dodge: Dodged            |    83 |   129 |    76 ||   288

Table legend:
 A = Non-vault XP
 B = Vault XP
 C = Vault XP percentage of total XP
 D = Non-vault monster count
 E = Vault monster count
 F = Vault count percentage of total count
                 A         B        C        D         E       F
            +---------+---------+-------+---------+---------+-------
      Total |    1164 |      11 |   0.9 |      95 |       5 |   5.0
            +---------+---------+-------+---------+---------+-------
        D:1 |      14 |       0 |   0.0 |       9 |       0 |   0.0
        D:2 |     122 |      11 |   8.3 |      26 |       5 |  16.1
        D:3 |     250 |       0 |   0.0 |      21 |       0 |   0.0
        D:4 |     438 |       0 |   0.0 |      21 |       0 |   0.0
        D:5 |     340 |       0 |   0.0 |      18 |       0 |   0.0
            +---------+---------+-------+---------+---------+-------
